AoeStats
← Vilo41

Arena

510332908Analyzed
1v1 RM · 2d ago on Sep 30, 2026· 31m 8s· 2 players
Game mode
Random Map
Map size
Tiny (2 player)
Population
200
Speed
Normal
Resources
Standard
Victory
Conquest
Starting age
Dark Age
Ending age
Imperial Age
RankedLock teamsTeams togetherTeam positionsShared explorationLock speedFull tech treeHidden civsTurbo modeCheats
Victory
Defeat
🇪🇸 Aztecs · Spain
516
+13
🇻🇪 Franks · Venezuela
461
-13
Vilo41
10:53 Feudal Age
11:45 Double-Bit Axe
15:55 Wheelbarrow
20:57 Padded Archer Armor
23:56 Castle Age
23:01 Man-at-Arms
23:39 Fletching
25:48 Crossbowman
28:57 Town Watch
KnGrathy
10:59 Feudal Age
11:40 Arson
11:32 Man-at-Arms
16:14 Scale Mail Armor
17:02 Forging
16:55 Double-Bit Axe
23:31 Castle Age
21:37 Horse Collar
24:59 Chain Mail Armor
25:22 Iron Casting
24:50 Squires
25:35 Long Swordsman
26:01 Gambesons
Connection lost

Rejoining the realm…

Still unreachable

The connection could not be restored.

Session expired

The server has moved on; the page needs a fresh start.